 Dungeon Crawl Stone Soup version 0.27-a0-1565-gad902ab807 (webtiles) character file.

Game seed: 1077881888326330196

261 flotson the Sneak (level 5, 0/42 HPs)
             Began as a Demonspawn Delver on July 16, 2021.
             Slain by an ice beast (1 damage)
             ... on level 4 of the Dungeon.
             The game lasted 00:06:54 (4540 turns).

flotson the Sneak (Demonspawn Delver)               Turns: 4540, Time: 00:06:55

Health: 0/42       AC:  5    Str: 13    XL:     5   Next: 96%
Magic:  5/5        EV: 11    Int: 17    God:
Gold:   168        SH:  0    Dex: 15    Spells: 4/4 levels left

rFire    . . .     SeeInvis .   s - +2 mace (distort)
rCold    . . .     Faith    .   (no shield)
rNeg     . . .     Spirit   .   p - +0 ring mail
rPois    .         Reflect  .   (no helmet)
rElec    .         Harm     .   (no cloak)
rCorr    .         Rampage  .   (no gloves)
Will     .....                  (no boots)
Stlth    ++........             (no amulet)
HPRegen  0.14/turn              j - +6 ring of intelligence
MPRegen  0.09/turn              (no ring)

@: no status effects
A: claws 1
a: no special abilities


You were on level 4 of the Dungeon.
You visited 1 branch of the dungeon, and saw 5 of its levels.

You collected 168 gold pieces.

Inventory:

Hand Weapons
 a - a +0 hand axe
 b - a +0 falchion of freezing
 s - a +2 mace of distortion (weapon)
Missiles
 q - 8 datura-tipped darts (quivered)
 r - 8 boomerangs
Armour
 p - a +0 ring mail (worn)
Jewellery
 j - a +6 ring of intelligence (left claw)
Wands
 g - a wand of digging (3)
Scrolls
 c - 2 scrolls of fog
 d - 2 scrolls of magic mapping
 e - a scroll of fear
 f - 2 scrolls of amnesia {unknown}
 h - 3 scrolls of teleportation {unknown}
 i - 2 scrolls of identify {unknown}
 k - a scroll of brand weapon {unknown}
 l - a scroll of immolation {unknown}
 m - a scroll of vulnerability {unknown}
 o - a scroll of enchant armour {unknown}
Potions
 n - a potion of flight {unknown}
 t - a potion of ambrosia {unknown}


   Skills:
 + Level 3.8 Fighting
 + Level 2.8 Axes
 + Level 1.0 Throwing
 + Level 1.8 Armour
 + Level 2.7 Dodging
 - Level 5.0 Stealth
 + Level 2.0 Evocations


You had 4 spell levels left.
You didn't know any spells.
Your spell library was empty.

Dungeon Overview and Level Annotations

Branches:
Dungeon (5/15)             Temple (0/1) D:5

Altars:

Shops:
D:1 (   D:5 *

Annotations:
D:5 1 runed translucent door, Leeroy's ghost, amateur PaWr


Innate Abilities, Weirdness & Mutations

You have sharp fingernails.


Message History

The dart slug launches a dart at you. The slug dart hits you.
You sock the dart slug!
You kill the dart slug!
No target in view!
No target in view!
No target in view!
No target in view!
No target in view!
No target in view!
No target in view!
Found a book of Vapours.
Found a leather armour.
Found 7 gold pieces.
An ice beast comes into view.
The helpless ice beast fails to defend itself.
You thump the ice beast!
Space bends around the ice beast.
The ice beast is heavily wounded.
The ice beast barely misses you. The ice beast closely misses you.
You hit the ice beast.
Space bends around the ice beast.
The ice beast is severely wounded.
The ice beast hits you. The ice beast freezes you!
You hit the ice beast but do no damage.
The ice beast is severely wounded.
The ice beast hits you but does no damage.
You barely miss the ice beast.
The ice beast is severely wounded.
The ice beast hits you. The ice beast freezes you!
You are too injured to fight recklessly!
You are too injured to fight recklessly!
You are too injured to fight recklessly!
You are too injured to fight recklessly!
You are too injured to fight recklessly!
You are too injured to fight recklessly!
You hit the ice beast but do no damage.
Space bends around the ice beast.
The ice beast is severely wounded.
The ice beast hits you. The ice beast freezes you!
* * * LOW HITPOINT WARNING * * *
The ice beast hits you.
You die...

...................#
#############.###...####.#
...............#....#
#####...#####..#....#
#.#.## #..#.#..# #.#..#
#..#.#..# [ ##.##
#..#.#..# #####..###..#.
..# ........@Y...#. ###
.######.####:#.
..$.###.#########
............>.....#
......#.######.####.####
...... .. #.# #.....
...... #. #.# #######
...... #.# #......
#.###......


You could see an ice beast.

Vanquished Creatures
  A phantom (D:4)
  A hound (D:3)
  An iguana (D:4)
  2 adders
  3 worms (D:2)
  4 dart slugs
  10 orcs
  9 bats
  8 endoplasms
  A giant cockroach (D:2)
  5 goblins
  8 hobgoblins
  9 jackals
  3 quokkas
  6 ball pythons
  3 frilled lizards
  7 kobolds
  3 rats
84 creatures vanquished.

Vanquished Creatures (others)
  3 plants (D:2)
3 creatures vanquished.

Grand Total: 87 creatures vanquished

Notes
Turn   | Place    | Note
-------+----------+-------------------------------------------
     0 | D:5      | flotson the Demonspawn Delver began the quest for the Orb.
     0 | D:5      | Reached XP level 1. HP: 18/18 MP: 1/1
    16 | D:5      | Found Heyriwk Qauc's Assorted Antiques.
   150 | D:5      | Found a runed translucent door.
   150 | D:5      | Noticed Leeroy's ghost (amateur PaWr)
   178 | D:5      | Found a staircase to the Ecumenical Temple.
   178 | D:5      | Noticed an orc priest
   178 | D:5      | Noticed an orc wizard
   433 | D:4      | Gained mutation: You have sharp fingernails. [demonic
                  | ancestry]
   433 | D:4      | Reached XP level 2. HP: 19/24 MP: 2/2
   527 | D:4      | Noticed an ogre
  1001 | D:3      | Reached XP level 3. HP: 29/29 MP: 3/3
  1499 | D:1      | Found Inies's Antique Weapon Emporium.
  1546 | D:1      | Reached skill level 1 in Evocations
  1578 | D:1      | You fall into a shaft and drop 1 floor!
  1631 | D:1      | Found a faded altar of an unknown god.
  1997 | D:1      | Reached skill level 1 in Armour
  2420 | D:2      | Reached XP level 4. HP: 25/35 MP: 4/4
  3916 | D:3      | Reached XP level 5. HP: 39/41 MP: 5/5
  4410 | D:4      | Noticed a phantom
  4417 | D:4      | Killed a phantom
  4418 | D:4      | Reached skill level 1 in Throwing
  4418 | D:4      | Reached skill level 5 in Stealth
  4532 | D:4      | Noticed an ice beast
  4540 | D:4      | HP: 1/42 [ice beast (12)]
  4540 | D:4      | Slain by an ice beast

Illustrated notes

Levels and vault maps discovered:
D:1:      giann_forest_graveyard, layout_loops_ring, serial_shops,
          nicolae_shop_statue_plus, ebering_ecumenical_altar_hall
D:2:      minmay_skewed_foursquare, layout_rooms, serial_forest,
          infiniplex_forest_clump_curved, infiniplex_forest_3_way,
          infiniplex_forest_corner_1, infiniplex_forest_lined_3,
          infiniplex_forest_clump_diagonal, infiniplex_forest_end_2,
          infiniplex_forest_zigzag_1, infiniplex_forest_clump_C
D:3:      layout_basic, hangedman_abyss_or_decor_lesser_grid,
          grunt_ministairs_6, guppyfry_early_orc_mine
D:4:      layout_basic, vehumet_statue, st_stairs_7, sigmund_edmund_badplayer
D:5:      layout_cave_pools, minmay_temple_entry_waves,
          hellmonk_ghost_happy_afterlife, serial_shops, nicolae_square_shop

Skill      XL: |  1  2  3  4  5 |
---------------+----------------+-----
Axes           | 2 |  2.8
Dodging        | 2 |  2.7
Evocations     | 1 2 |  2.0
Armour         | 1 |  1.8
Throwing       | 1 |  1.0
Stealth        | 5 |  5.0
Fighting       | |  3.8

Action                   |  1- 3 |  4- 6 || total
-------------------------+-------+-------++-------
Melee: Hand axe          |    56 |       ||    56
       Falchion          |   107 |    73 ||   180
       Mace              |       |    27 ||    27
  Use: Potion            |     1 |       ||     1
 Stab: Sleeping          |     8 |     3 ||    11
Armor: Leather armour    |    48 |       ||    48
       Ring mail         |    15 |    27 ||    42
Dodge: Dodged            |   150 |    57 ||   207
       Rpst.: Falchion   |    31 |     9 ||    40

Table legend: (Time is in decaauts)
 A = Elapsed time spent in this place.
 B = Non-inter-level travel time spent in this place.
 C = Inter-level travel time spent in this place.
 D = Time resting spent in this place.
 E = Time spent auto-exploring this place.
 F = Levels seen in this place.
 G = Mean time per level.
                   A        B        C        D        E       F      G
               +--------+--------+--------+--------+--------+-----+--------+
         Total |   4594 |   4468 |    126 |    104 |   3624 |   5 |  918.8 |
       Dungeon |   4594 |   4468 |    126 |    104 |   3624 |   5 |  918.8 |
               +--------+--------+--------+--------+--------+-----+--------+

Top non-repeatable levels by time:
     D:3: 1601 daAuts
     D:2: 1474 daAuts
     D:1: 816 daAuts
     D:4: 486 daAuts
     D:5: 215 daAuts
